 Dungeon Crawl Stone Soup version 0.30.0-5-g1a98f26d00 (webtiles) character file.

Game seed: 4404347745416672125

63 SnakkuSnakku7 the Sneak (level 3, 26/26 HPs)
             Began as a Vampire Hedge Wizard on May 12, 2023.
             Was a High Priest of Ignis.
             Quit the game on level 3 of the Dungeon.
             The game lasted 00:02:45 (1625 turns).

SnakkuSnakku7 the Sneak (Vampire Hedge Wizard)      Turns: 1625, Time: 00:02:45

Health: 26/26      AC:  2    Str: 11    XL:     3   Next: 89%
Magic:  7/7        EV: 12    Int: 16    God:    Ignis [*****.]
Gold:   97         SH:  0    Dex: 13    Spells: 4/8 levels left

rFire   + .          .
                       - Unarmed
rCold   . . .        (no shield)
rNeg    . . .        b - +0 robe
rPois   .            c - +0 hat
rElec   .            (no cloak)
rCorr   .            (no gloves)
SInv    +            (no boots)
Will    .....        (no amulet)
Stlth   ++           (no ring)
HPRegen 0.44/turn    (no ring)
MPRegen 0.10/turn

%: no passive effects
@: healing quickly
A: alive, fangs 3, see invisible, vampiric 2
a: Exsanguinate, Renounce Religion, Fiery Armour, Foxfire Swarm, Rising Flame


You were on level 3 of the Dungeon.
You worshipped Ignis.
Ignis was extremely pleased with you.
You visited 1 branch of the dungeon, and saw 3 of its levels.

You collected 97 gold pieces.

Inventory:

Hand Weapons
 a - a +0 dagger
Armour
 b - a +0 robe (worn)
 c - a +0 hat (worn)
Scrolls
 e - 2 scrolls of vulnerability {unknown}
 g - a scroll of fog {unknown}
 h - a scroll of fear {unknown}
 j - a scroll of amnesia {unknown}
 k - a scroll of summoning {unknown}
 l - 2 scrolls of identify {unknown}
Potions
 d - a potion of magic
 f - a potion of berserk rage {unknown}
 i - a potion of heal wounds
 m - a potion of resistance {unknown}
 n - a potion of degeneration {unknown}


   Skills:
 - Level 1.6 Fighting
 - Level 2.1 Dodging
 - Level 3.0 Stealth
 + Level 2.4 Unarmed Combat
 - Level 3.0 Spellcasting
 - Level 0.6 Conjurations
 - Level 1.0 Summonings
 - Level 0.7 Translocations
 + Level 1.0 Transmutations
 + Level 0.9 Poison Magic


You had 4 spell levels left.
You knew the following spells:

 Your Spells              Type           Power      Damage    Failure   Level
a - Magic Dart            Conj           16%        1d3       14%         1
b - Spider Form           Tmut/Pois      5%         N/A       36%         3

Your spell library contained the following spells:

 Spells                   Type           Power      Damage    Failure   Level
 Slow                     Hex            8%         N/A       19%         1
 Call Imp                 Summ           10%        N/A       19%         2
 Blink                    Tloc           8%         N/A       22%         2
 Lesser Beckoning         Tloc           8%         N/A       22%         2
 Cigotuvi's Dreadful Rot  Necr/Pois/Air  6%         N/A       26%         2
 Ensorcelled Hibernation  Hex/Ice        4%         N/A       28%         2
 Gell's Gravitas          Tloc           4%         N/A       38%         3
 Teleport Other           Tloc           4%         N/A       38%         3
 Mephitic Cloud           Conj/Pois/Air  4%         N/A       41%         3
 Anguish                  Hex/Necr       1%         N/A       88%         4
 Alistair's Intoxication  Tmut/Pois      3%         N/A       98%         5
 Borgnjor's Vile Clutch   Necr/Erth      1%         N/A       99%         5
 Eringya's Noxious Bog    Tmut/Pois      2%         N/A       100%        6


Dungeon Overview and Level Annotations

Branches:
Dungeon (3/15)

Altars:
Ignis


Innate Abilities, Weirdness & Mutations

Your natural rate of healing is accelerated.
You have razor-sharp teeth.
You have supernaturally acute eyesight. (SInv)
You are afflicted with vampirism and can become a bat while bloodless.


Message History

You hit the endoplasm.
The endoplasm is lightly wounded.
The endoplasm freezes you.
You are frozen.
You barely miss the endoplasm.
The endoplasm is lightly wounded.
The endoplasm freezes you.
You are frozen.
You hit the endoplasm.
You kill the endoplasm!
Done exploring.
Done exploring.
Done exploring.
Done exploring.
(D) Dungeon
Where to? (Enter - D:2, ? - help)
You see here a +0 hand axe.
There is a stone staircase leading down here.
You climb downwards.
You hear the sound of rushing water.
There is an entrance to a sewer on this level.
Hurry and find it before the portal rusts away!
Found 4 stones.
There is a stone staircase leading up here.
Found a dagger.
Found a faded altar of an unknown god.
Found a stone staircase leading down.
There is a faded altar of an unknown god here.
You see here a +0 dagger.
This altar belongs to (a) Ru, (b) Ignis or (c) Cheibriados, but you can't tell which.
Press the corresponding letter to learn more about a god, or press enter to convert or escape to cancel.
Okay, then.
Found 4 javelins.
You now have 86 gold pieces (gained 4).
You now have 97 gold pieces (gained 11).
There is a faded altar of an unknown god here.
You see here a +0 dagger.
This altar belongs to (a) Ru, (b) Ignis or (c) Cheibriados, but you can't tell which.
Press the corresponding letter to learn more about a god, or press enter to convert or escape to cancel.
Ignis accepts your prayer! Ignis welcomes you!
Unknown command.
Press < or > to pray at altars.
Are you sure you want to abandon this character and quit the game? (Confirm with "yes".)

#.# .. #.##.# #....#
### #....### ....
###.#.......# .. .....
#......# #..#..#
...(.####......#
#..#..# ..........@..#
#..... ###.........#
#...# #.........# #...#
#........#####...#
...................#
#...#........##......#
###..........##.###..#
##........##<###.####.#
#...########......(..#


There were no monsters in sight!

Vanquished Creatures
  2 adders (D:2)
  A dart slug (D:1)
  2 bats (D:2)
  5 endoplasms
  6 giant cockroaches
  A goblin (D:1)
  A hobgoblin (D:2)
  7 jackals
  2 quokkas
  A ball python (D:1)
  5 kobolds
  3 rats
36 creatures vanquished.

Notes
Turn   | Place    | Note
-------+----------+-------------------------------------------
     0 | D:1      | SnakkuSnakku7 the Vampire Hedge Wizard began the quest for
                  | the Orb.
     0 | D:1      | Reached XP level 1. HP: 13/13 MP: 4/4
    93 | D:1      | Reached skill level 1 in Unarmed Combat
   123 | D:1      | Reached skill level 1 in Fighting
   123 | D:1      | Reached XP level 2. HP: 20/21 MP: 6/6
   629 | D:2      | Gained mutation: You are afflicted with vampirism and can
                  | become a bat while bloodless. [Vampire growth]
   629 | D:2      | Reached XP level 3. HP: 12/26 MP: 7/7
   798 | D:2      | Learned a level 3 spell: Spider Form
  1079 | D:2      | HP: 1/26 [adder (1)]
  1394 | D:2      | Reached skill level 1 in Transmutations
  1609 | D:3      | Found a faded altar of an unknown god.
  1624 | D:3      | Prayed at the altar of an unknown god.
  1624 | D:3      | Became a worshipper of Ignis, the Dying Flame
  1625 | D:3      | Quit the game

Illustrated notes

Levels and vault maps discovered:
D:1:      mushboom_english_gardens, layout_basic
D:2:      layout_basic
D:3:      layout_basic, general_overflow_altar, bloody_makhleb,
          portal_sewer_entry_f, ebering_ecumenical_altar_sacrificial,
          dk_noncrumbling_3, uniq_grinder

Skill      XL: |  1  2  3 |
---------------+----------+-----
Unarmed Combat | 1 2 |  2.4
Fighting       | 1 |  1.6
Transmutations | 1 |  1.0
Dodging        | |  2.1
Stealth        | |  3.0
Spellcasting   | |  3.0
Conjurations   | |  0.6
Summonings     | |  1.0
Translocations | |  0.7
Poison Magic   | |  0.9

Action                     || total
---------------------------++-------
  Melee: Dagger            ||   156
         Bite              ||    16
         Unarmed           ||    82
         Punch             ||     5
   Cast: Magic Dart        ||     5
    Use: Potion            ||     1
   Stab: Sleeping          ||     8
 Armour: Robe              ||    48
  Dodge: Dodged            ||   163
